cohdb
Replays
Latest Replays
All Replays
Popular Replays
Top Player Replays
Match Explorer
How It Works
Community
CoH3 Stats
Reddit
Sign in to upload your games and track your stats! →
Sign in with Steam
Match 38263272
Unlisted
Match 38263272
Overview
Messages
Build Orders
End
Panzergrenadier Squad
Panzergrenadier Squad
Panzergrenadier Squad
Construct Light Support Kompanie
2.5-tonne Medical Truck
Fire Support Elements
Selects Armored Support Battlegroup
Assault Grenadier Squad
Selects Veteran Gunners
MG34 Team
Construct Panzerarmee Kommand
Selects Flammpanzer III Medium Tank
Flammpanzer III Medium Tank
Pak 38 Mechanized Group
Panzergrenadier Squad
Panzer III L Medium Tank
Panzergrenadier Squad
Selects Salvage Kits
Selects Panzer Storm
Panzer III L Medium Tank
Vehicle Survival Package
Tungsten Core Ammunition
Rapid Advance
Walking Stuka Rocket Launcher
Selects Stuka Dive Bomb
Katunar
Erious
Contact Mike
Woolridge
Dahlian
Random_Target
Turtleboy
Mace
0
0
Comments
sign in to comment!
No comments posted yet!